 Dungeon Crawl Stone Soup version 0.24-a0-537-g2d01d4ab0a (webtiles) character file.

Game seed: 6255022188563087908

56 Chiseanne the Chiller (level 3, 0/19 HPs)
             Began as a Tengu Ice Elementalist on Aug 12, 2019.
             Succumbed to an adder's poison
             ... on level 3 of the Dungeon.
             The game lasted 00:04:28 (928 turns).

Chiseanne the Chiller (Tengu Ice Elementalist)       Turns: 928, Time: 00:04:29

Health: 0/19       AC:  2    Str:  8    XL:     3   Next: 97%
Magic:  8/8        EV: 13    Int: 16    God:
Gold:   52         SH:  0    Dex: 14    Spells: 4/7 levels left

rFire    . . .     SeeInvis .   a - +3 whip (elec)
rCold    . . .     Gourm    .   (no shield)
rNeg     . . .     Faith    .   i - +0 robe
rPois    .         Spirit   .   (helmet restricted)
rElec    .         Reflect  .   (no cloak)
rCorr    .         Harm     .   (no gloves)
MR       .....                  (boots unavailable)
Stlth    ++........             (no amulet)
HPRegen  0.06/turn              (no ring)
MPRegen  0.11/turn              (no ring)

@: lethally poisoned (0 -> -7), very slightly contaminated
A: beak, talons 3
a: no special abilities


You were on level 3 of the Dungeon.
You were not hungry.

You visited 1 branch of the dungeon, and saw 3 of its levels.

You collected 52 gold pieces.

Inventory:

Hand Weapons
 a - a +3 whip of electrocution (weapon)
Missiles
 e - 16 sling bullets
 g - 4 boomerangs (quivered)
Armour
 f - a cursed -1 large shield
 i - a +0 robe (worn)
Jewellery
 h - an uncursed ring of stealth {unknown}
Scrolls
 j - a scroll of remove curse
Comestibles
 b - 3 chunks of flesh
 c - 3 rations


   Skills:
 * Level 3.2 Dodging
 - Level 2.0 Stealth
 * Level 2.7 Spellcasting
 - Level 1.3 Conjurations
 * Level 3.3 Ice Magic


You had 4 spell levels left.
You knew the following spells:

 Your Spells              Type           Power        Failure   Level  Hunger
a - Freeze                Ice            ##..         4%          1    #......
b - Throw Frost           Conj/Ice       #.....       11%         2    ##.....

Your spell library contained the following spells:

 Spells                   Type           Power        Failure   Level  Hunger
 Ozocubu's Armour         Chrm/Ice       #.......     30%         3    ###....
 Throw Icicle             Conj/Ice       #.......     58%         4    #####..
 Summon Ice Beast         Ice/Summ       #.......     69%         4    #####..


Dungeon Overview and Level Annotations

Branches:
Dungeon (3/15)

Altars:


Innate Abilities, Weirdness & Mutations

You have a beak for a mouth.
You have claws for feet.


Message History

You feel sick.
* * * LOW HITPOINT WARNING * * *
You feel sick.
You see here a scroll of teleportation.
d - a scroll of teleportation
* * * LOW HITPOINT WARNING * * *
You feel sick.
You see here an adder corpse.
You butcher the adder corpse.
* * * LOW HITPOINT WARNING * * *
You feel sick.
Things that are here:
2 chunks of flesh; an adder skeleton
b - 3 chunks of flesh (gained 2)
As you read the scroll of teleportation, it crumbles to dust.
You feel strangely unstable.
* * * LOW HITPOINT WARNING * * *
You feel sick.
Your surroundings suddenly seem different.
You die...

##.# #.#
#.[. #.#
#..# #
##.# #..#
###.#..###
#...
...#[...
#..# .....
#... #..#
#.## #.@#
#.##
........#
#.#.
...r.....
#...
$.#####...
#.#. #
####. #.##
.. . .. #.
# .## #.
.. #


You could see a rat (wandering).

Vanquished Creatures
  4 adders
  An ooze (D:2)
  3 leopard geckos
  A giant cockroach (D:3)
  A goblin (D:1)
  A hobgoblin (D:2)
  A bat (D:3)
  3 frilled lizards (D:3)
  2 kobolds
  A rat (D:2)
18 creatures vanquished.

Notes
Turn   | Place    | Note
-------+----------+-------------------------------------------
     0 | D:1      | Chiseanne the Tengu Ice Elementalist began the quest for
                  | the Orb.
     0 | D:1      | Reached XP level 1. HP: 10/10 MP: 4/4
   288 | D:2      | Reached XP level 2. HP: 11/15 MP: 1/6
   502 | D:2      | Learned a level 2 spell: Throw Frost
   625 | D:3      | Reached XP level 3. HP: 19/19 MP: 7/7
   928 | D:3      | Succumbed to an adder's poison

Levels and vault maps discovered:
D:1:      psy_arrival_spokes, layout_basic
D:2:      layout_loops_corners, makhleb_blood_cavern_becter,
          yredelemnul_altar_generic, minmay_joined_circles, uniq_sigmund
D:3:      minmay_evil_eye, layout_loops_ring, chequers_ecumenical_altar_lobes,
          minmay_misc_feat_encased

Skill      XL: |  1  2  3 |
---------------+----------+-----
Ice Magic      | 3 |  3.3
Dodging        | 3 |  3.2
Stealth        | |  2.0
Spellcasting   | |  2.7
Conjurations   | |  1.3

Action                   || total
-------------------------++-------
Melee: Short sword       ||    25
       Kick              ||     7
       Whip              ||     8
       Peck              ||     1
 Cast: Freeze            ||    16
       Throw Frost       ||     6
  Use: Scroll            ||     3
       Potion            ||     1
 Stab: Sleeping          ||     3
  Eat: Chunk             ||     1
Armor: Robe              ||    10
Dodge: Dodged            ||    29

Table legend:
 A = Non-vault XP
 B = Vault XP
 C = Vault XP percentage of total XP
 D = Non-vault monster count
 E = Vault monster count
 F = Vault count percentage of total count
                 A         B        C        D         E       F
            +---------+---------+-------+---------+---------+-------
      Total |      81 |       0 |   0.0 |      18 |       0 |   0.0
            +---------+---------+-------+---------+---------+-------
        D:1 |       6 |       0 |   0.0 |       3 |       0 |   0.0
        D:2 |      28 |       0 |   0.0 |       6 |       0 |   0.0
        D:3 |      47 |       0 |   0.0 |       9 |       0 |   0.0
            +---------+---------+-------+---------+---------+-------
